Map: Romanticide LE

Players

TIME (Oliveira) - Winner!

  • Race: Terran Terran

HeroMarine

  • Race: Terran Terran

Event: DreamHack SC2 Masters 2021 Summer

VOD

Have the link to the VOD?

Description

Time

  • Played on: July 2, 2021, 10:44 a.m.
  • Length: 10:27

All games in this series

Show
View Real Time Build Order
Export as new Build Order

TIME Terran - Winner!

Build Orders: Reaper Expand 

Get SALT Encoding   

  12  0:00  SCV  
  13  0:12  SCV  
  14  0:17  Supply Depot  
  14  0:25  SCV  
  15  0:39  SCV  
  15  0:40  Barracks  
  16  0:44  Refinery  
  16  0:51  SCV  
  17  1:03  SCV  
  18  1:15  SCV  
  19  1:29  Reaper, Orbital Command  
  20  1:38  Command Center  
  20  1:46  Supply Depot  
  20  1:54  SCV  
  20  2:01  Marine  
  22  2:07  SCV  
  22  2:08  Factory  
  23  2:15  Bunker  
  23  2:19  SCV  
  23  2:21  Refinery  
  24  2:22  Barracks Reactor  
  24  2:31  SCV  
  25  2:43  SCV  
  26  2:50  Orbital Command  
  28  2:51  Hellion  
  28  2:54  Starport  
  28  2:55  SCV  
  29  2:59  Marine x2  
  31  3:07  SCV  
  32  3:14  Factory Tech Lab  
  32  3:16  SCV, Marine  
  32  3:17  Marine  
  32  3:19  SCV  
  36  3:24  Supply Depot  
  36  3:28  SCV  
  36  3:31  SCV  
  38  3:36  Marine  
  38  3:37  Marine, Refinery  
  38  3:38  Factory Tech Lab  
  38  3:41  Raven  
  42  3:42  SCV  
  42  3:44  SCV  
  44  3:54  SCV  
  45  3:56  SCV  
  45  3:59  Cyclone  
  49  4:05  Command Center  
  49  4:07  SCV  
  50  4:11  SCV, Supply Depot  
  50  4:15  Marine x2  
  53  4:19  SCV  
  54  4:27  Supply Depot  
  54  4:32  SCV, Marine x2, Raven  
  54  4:34  SCV  
  60  4:44  Supply Depot  
  61  4:45  SCV  
  61  4:46  SCV  
  61  4:48  Siege Tank  
  61  4:52  Marine x2  
  67  4:58  Barracks  
  67  4:59  SCV x2, Barracks  
  69  5:02  Refinery  
  69  5:09  Supply Depot  
  69  5:12  SCV, Engineering Bay x2  
  69  5:14  SCV  
  71  5:20  Orbital Command  
  71  5:23  Starport Reactor  
  71  5:24  Siege Tank  
  71  5:26  SCV  
  71  5:27  SCV  
  76  5:30  Marine  
  76  5:33  Stimpack  
  77  5:39  Terran Infantry Weapons Level 1, Terran Infantry Armor Level 1  
  77  5:40  SCV  
  77  5:41  SCV, Orbital Command  
  79  5:52  SCV  
  79  5:53  Supply Depot  
  79  5:55  SCV  
  81  5:57  Siege Tank  
  81  5:58  Marine  
  81  6:01  Marine  
  81  6:02  Marine  
  87  6:06  Marine x2  
  87  6:07  Starport Reactor  
  87  6:08  SCV x2  
  87  6:09  SCV  
  92  6:16  Marine  
  92  6:17  Supply Depot  
  92  6:18  Barracks x2  
  93  6:19  Marine  
  93  6:20  SCV, Reaper  
  93  6:24  Marine  
  95  6:27  Marine  
  95  6:29  SCV x2  
  95  6:32  SCV, Siege Tank  
  101  6:34  Marine  
  101  6:37  Marine  
  103  6:42  Marine  
  103  6:44  SCV  
  103  6:45  Marine  
  91  6:47  SCV  
  91  6:49  Medivac x2  
  91  6:50  SCV  
  91  6:51  Marine  
  91  6:52  Marine  
  91  6:53  Supply Depot  
  98  6:55  Marine  
  98  7:00  SCV x2, Marine  
  94  7:02  SCV  
  94  7:03  Marine  
  94  7:08  Barracks Reactor x2  
  94  7:09  Marine  
  94  7:12  SCV  
  94  7:13  Marine  
  98  7:15  Combat Shield  
  98  7:17  Marine, Armory  
  98  7:18  SCV  
  98  7:19  SCV  
  98  7:21  Marine  
  102  7:23  Medivac x2  
  102  7:25  SCV  
  102  7:28  Refinery  
  102  7:29  Siege Tank, Refinery  
  109  7:32  SCV  
  109  7:34  Marine  
  109  7:35  SCV  
  112  7:37  SCV, Marine  
  112  7:39  Marine  
  112  7:43  Supply Depot  
  112  7:44  Supply Depot  
  115  7:45  SCV  
  115  7:47  Marine x4  
  115  7:48  Marine x2  
  122  7:52  SCV  
  122  7:53  SCV  
  122  7:55  Marine  
  125  8:04  Marine x2  
  127  8:07  Terran Infantry Armor Level 2  
  127  8:09  Sensor Tower  
  127  8:13  Command Center  
  127  8:15  Marine x2  
  127  8:16  Marine  
  127  8:18  Marine x2  
  132  8:20  Siege Tank  
  132  8:23  SCV  
  136  8:28  Marine  
  136  8:30  Marine  
  136  8:31  Marine x2  
  136  8:34  Marine  
  136  8:35  Marine  
  136  8:37  Marine  
  136  8:39  Medivac x2  
  141  8:43  Marine x2  
  141  8:46  Marine  
  131  8:48  Marine  
  131  8:49  SCV x2  
  131  8:52  Marine x2  
  131  8:53  Factory  
  131  8:54  Supply Depot  
  131  8:55  Supply Depot  
  135  9:00  Marine  
  133  9:02  Marine  
  133  9:03  Barracks Reactor  
  133  9:04  Marine x2  
  133  9:05  Siege Tank  
  133  9:08  SCV x2  
  141  9:13  Supply Depot  
  141  9:14  Supply Depot  
  141  9:15  SCV, Marine  
  141  9:16  Marine x2  
  145  9:18  Marine  
  145  9:20  Marine  
  145  9:23  Viking x2  
  151  9:26  Planetary Fortress  
  151  9:29  Marine x3  
  154  9:44  Marine x7  
  161  9:47  Marine  
  161  9:48  Siege Tank x2  
  161  9:49  SCV, Marine  
  161  9:50  Marine  
  161  9:52  SCV x2  
  158  10:02  Marine x5  
  158  10:05  SCV x2  
  162  10:08  Marine  
  162  10:11  Missile Turret  
Show
View Real Time Build Order
Export as new Build Order

HeroMarine Terran 

Build Orders:  

Get SALT Encoding   

  12  0:00  SCV  
  13  0:12  SCV  
  14  0:17  Supply Depot  
  14  0:24  SCV  
  15  0:39  SCV  
  15  0:40  Barracks  
  16  0:43  Refinery  
  16  0:51  SCV  
  16  0:53  Refinery  
  17  1:03  SCV  
  18  1:15  SCV  
  19  1:27  Reaper  
  19  1:28  Orbital Command  
  19  1:29  Supply Depot  
  20  1:43  Factory  
  20  1:53  SCV  
  21  1:59  Reaper  
  22  2:05  SCV  
  23  2:17  SCV  
  23  2:22  Command Center  
  24  2:29  Hellion  
  27  2:30  SCV  
  27  2:33  Barracks Reactor  
  27  2:42  SCV  
  27  2:44  Starport  
  28  2:50  Supply Depot  
  28  2:54  SCV  
  28  2:56  Factory Tech Lab  
  29  3:07  SCV  
  29  3:10  Marine x2  
  31  3:19  SCV  
  32  3:21  Factory Tech Lab  
  32  3:25  Refinery  
  32  3:28  Marine x2  
  32  3:29  Raven  
  32  3:31  SCV  
  37  3:36  Orbital Command  
  37  3:43  SCV  
  37  3:46  Marine x2  
  40  3:51  Siege Tank  
  43  3:55  SCV  
  43  4:02  SCV, Supply Depot  
  45  4:04  Marine  
  45  4:07  SCV  
  47  4:14  SCV  
  47  4:16  Marine, Raven  
  51  4:20  SCV  
  51  4:22  Marine  
  53  4:24  Supply Depot  
  53  4:26  SCV  
  54  4:31  Siege Tank  
  54  4:32  SCV  
  54  4:38  SCV  
  59  4:40  Marine x2  
  59  4:44  SCV  
  62  4:50  SCV, Command Center  
  63  4:56  SCV  
  64  5:02  SCV  
  64  5:03  Supply Depot  
  65  5:09  Siege Tank, Viking x2  
  65  5:11  SCV  
  73  5:14  SCV  
  73  5:16  Refinery  
  74  5:22  Marine  
  74  5:23  SCV  
  74  5:26  SCV, Supply Depot  
  77  5:35  SCV  
  77  5:38  SCV  
  77  5:39  Viking  
  77  5:40  Viking  
  77  5:41  Siege Tank  
  86  5:46  Supply Depot  
  86  5:48  SCV  
  86  5:49  Marine  
  88  5:51  SCV  
  88  6:00  SCV  
  88  6:02  Stimpack  
  90  6:05  Barracks x2  
  90  6:12  SCV  
  90  6:15  Siege Tank, Viking  
  95  6:19  Viking  
  95  6:22  SCV  
  95  6:24  SCV  
  99  6:31  Marine  
  100  6:34  SCV  
  100  6:36  SCV  
  100  6:38  SCV  
  103  6:46  SCV  
  103  6:47  Siege Tank  
  103  6:48  SCV  
  103  6:49  Marine  
  103  6:50  SCV  
  103  6:58  SCV  
  103  7:00  SCV  
  89  7:04  Viking x2, Engineering Bay x2  
  89  7:07  Marine, Orbital Command  
  84  7:10  SCV  
  84  7:13  SCV, Barracks Reactor x2  
  84  7:17  Refinery  
  84  7:18  Refinery  
  84  7:21  Siege Tank  
  88  7:22  SCV  
  88  7:24  Marine  
  88  7:25  SCV  
  90  7:31  Terran Infantry Weapons Level 1, Terran Infantry Armor Level 1  
  90  7:33  SCV  
  90  7:34  SCV  
  92  7:37  SCV, Viking x2  
  92  7:42  Marine  
  98  7:45  SCV  
  98  7:47  SCV  
  98  7:49  SCV  
  98  7:50  Marine x2, Barracks x2  
  103  7:51  Marine  
  103  7:52  Sensor Tower, Marine  
  106  8:00  Marine  
  106  8:06  Siege Tank  
  106  8:07  Command Center  
  106  8:08  Marine x2  
  106  8:09  Marine  
  106  8:12  Marine, Supply Depot  
  113  8:13  Supply Depot  
  113  8:18  Marine, Medivac x2  
  117  8:24  SCV  
  117  8:25  SCV x2  
  117  8:26  Marine  
  117  8:29  Marine  
  117  8:31  Marine x2  
  113  8:40  SCV x2  
  108  8:41  SCV  
  108  8:44  Marine  
  108  8:47  Marine  
  108  8:48  Medivac x2  
  100  8:49  Marine x2  
  100  8:51  Barracks Reactor x2  
  100  8:52  SCV, Barracks Tech Lab  
  100  8:53  SCV x2  
  100  8:54  Siege Tank  
  105  9:01  Marine  
  106  9:05  SCV x2, Marine  
  106  9:07  Marine x2  
  110  9:12  SCV  
  110  9:15  Marine, Armory  
  113  9:17  SCV  
  113  9:19  Marine  
  113  9:20  Medivac  
  113  9:22  Medivac  
  113  9:23  Marine  
  119  9:25  Marine x2  
  119  9:26  Siege Tank  
  119  9:28  SCV x2  
  127  9:32  Marine x3  
  127  9:33  Marine  
  127  9:37  Marine  
  132  9:41  Marine  
  132  9:42  Marine  
  133  9:49  Supply Depot  
  133  9:50  Marine x5  
  133  9:52  Marine  
  137  9:53  Supply Depot  
  137  9:54  Supply Depot  
  137  9:55  Marine  
  137  9:58  Marine  
  140  10:00  Marine  
  140  10:08  Marine  
  140  10:09  Marine  
  140  10:10  Supply Depot  
Tags
 
Add a new tag
Caveats
  • Supply blocks, unpowered buildings, or Contaminate may cause inaccurate times.
  • Supply counts are checked every 10 seconds.